AoeStats
← Condorito17

Arabia

510424223Analyzed
1v1 RM · 2d ago on Oct 1, 2026· 32m 17s· 2 players
Game mode
Random Map
Map size
Tiny (2 player)
Population
200
Speed
Normal
Resources
Standard
Victory
Conquest
Starting age
Dark Age
Ending age
Imperial Age
RankedLock teamsTeams togetherTeam positionsShared explorationLock speedFull tech treeHidden civsTurbo modeCheats
Victory
Defeat
🇨🇱 Lithuanians · Chile
1093
+14
🇧🇷 Ethiopians · Brazil
1049
-14
Condorito17
6:43 Loom
9:17 Feudal Age
18:03 Castle Age
16:05 Double-Bit Axe
17:51 Horse Collar
18:05 Fletching
18:08 Gold Mining
23:17 Bodkin Arrow
23:23 Scale Mail Armor
24:37 Padded Archer Armor
27:35 Bow Saw
27:03 Elite Skirmisher
28:31 Scale Barding Armor
Fellipe
7:03 Loom
7:10 Loom
9:57 Feudal Age
10:34 Double-Bit Axe
13:10 Wheelbarrow
12:55 Gold Mining
15:46 Horse Collar
23:30 Castle Age
21:51 Forging
21:43 Scale Mail Armor
24:17 Fletching
26:56 Bow Saw
28:17 Iron Casting
27:37 Bodkin Arrow
27:51 Squires
28:20 Heavy Plow
28:05 Elite Skirmisher
29:35 Padded Archer Armor
29:50 Chain Mail Armor
29:05 Elite Skirmisher
29:48 Crossbowman
Connection lost

Rejoining the realm…

Still unreachable

The connection could not be restored.

Session expired

The server has moved on; the page needs a fresh start.